 Dungeon Crawl Stone Soup version 0.18-a0-1180-g64ccc1e (webtiles) character file.

108 kip the Ruffian (level 4, -2/40 HPs)
             Began as a Ghoul Monk on Jan 27, 2016.
             Rotted away (potion of mutation)
             ... on level 3 of the Dungeon.
             The game lasted 00:08:34 (1883 turns).

kip the Ruffian (Ghoul Monk)                        Turns: 1883, Time: 00:08:35

Health: -2/40      AC:  7    Str: 15    XL:     4   Next: 87%
Magic:  3/3        EV: 15    Int:  5    God:
Gold:   84         SH:  0    Dex: 11    Spells: 0 memorised, 3 levels left

rFire  . . .     SeeInvis .       - Unarmed
rCold  + . .     Gourm    .     a - +0 robe
rNeg   + + +     Faith    +     (no shield)
rPois  ∞         Spirit   .     (no helmet)
rElec  .         Dismiss  .     (no cloak)
rCorr  .         Reflect  .     n - +1 pair of gloves
SustAt .         Harm     .     (no boots)
MR     .....                    i - amulet of faith
Stlth  ++........               j - +3 ring of protection
                                k - +2 ring of evasion

@: rotting, not resistant to hostile enchantments, unstealthy
A: rotting body, claws 1, carnivore 3, cold resistance 1, negative energy
resistance 3, slow regeneration 1, torment resistance, unbreathing
a: no special abilities


You were on level 3 of the Dungeon.
You were not hungry.

You visited 1 branch of the dungeon, and saw 3 of its levels.

You collected 84 gold pieces.

Inventory:

Missiles
 s - a throwing net (quivered)
Armour
 a - a +0 robe (worn)
 n - a +1 pair of gloves (worn)
Jewellery
 h - an uncursed ring of see invisible
 i - an amulet of faith (around neck)
 j - a +3 ring of protection (right hand)
 k - a +2 ring of evasion (left hand)
Scrolls
 c - 5 scrolls of identify {unknown}
 e - 2 scrolls of noise {unknown}
 f - a scroll of fog {unknown}
 l - 2 scrolls of teleportation {unknown}
 m - a scroll of magic mapping {unknown}
 o - a scroll of fear {unknown}
 q - a scroll of immolation {unknown}
 r - a scroll of random uselessness {unknown}
Potions
 d - 4 potions of heal wounds {unknown}
 g - a potion of mutation
Comestibles
 b - 3 meat rations
 p - 6 chunks of flesh


   Skills:
 + Level 3.9 Fighting
 + Level 3.4 Dodging
 + Level 3.1 Stealth
 + Level 5.2 Unarmed Combat


You had 3 spell levels left.
You didn't know any spells.

Dungeon Overview and Level Annotations

Branches:
Dungeon (3/15)

Altars:


Innate Abilities, Weirdness & Mutations

Your body is rotting away.
You thrive on raw meat.
You are immune to poison.
You have sharp fingernails.
You are carnivorous and can eat meat at any time.
Your flesh is cold resistant.
You are immune to negative energy.
You regenerate slowly when monsters are visible.
You are immune to unholy pain and torment.
You can survive without breathing.


Message History

You kill the orc!
The orc wizard hits you but does no damage.
You hit the orc priest but do no damage.
The orc closely misses you.
The orc wizard points at you and mumbles some strange words.
The magic dart hits you!
You hit the orc priest.
The orc priest is lightly wounded.
The orc priest barely misses you. The orc closely misses you.
You closely miss the orc priest.
The orc priest is lightly wounded.
The orc wizard casts a spell at you. The puff of frost hits you! You resist.
The orc priest invokes the aid of Beogh against you.
Something smites you!
* * * LOW HITPOINT WARNING * * *
The orc closely misses you.
It was a potion of mutation.
You feel extremely strange.
Your body decomposes!
You die...

.#...............# #
##.....###.####.########
###...# #.........##...
......# #.......###..##
###...###........... # .
#............#### ##
...#...#.......## #.
......oo....#.## .....
...##Jo@#.....# ..####
......####...... #
...... .......# # .####
###..... # ...#. # ...
.. .. .. ..


You could see an orc priest, an orc wizard, an ooze and an orc.

Vanquished Creatures
  5 adders
  An ooze (D:2)
  3 worms
  3 giant geckos
  2 orcs (D:3)
  A ball python (D:1)
  7 giant cockroaches
  6 hobgoblins
  2 jackals (D:2)
  2 kobolds (D:2)
  4 bats
  2 giant newts
  2 goblins (D:1)
  6 rats
46 creatures vanquished.

Notes
Turn   | Place    | Note
--------------------------------------------------------------
     0 | D:1      | kip the Ghoul Monk began the quest for the Orb.
     0 | D:1      | Reached XP level 1. HP: 19/19 MP: 0/0
   128 | D:1      | Reached XP level 2. HP: 26/26 MP: 1/1
   776 | D:2      | Reached skill level 5 in Unarmed Combat
   776 | D:2      | Reached XP level 3. HP: 13/33 MP: 2/2
  1263 | D:2      | Reached XP level 4. HP: 35/39 MP: 3/3
  1882 | D:3      | HP: 1/40 [orc priest/divine providence (13)]
  1883 | D:3      | Rotted away (potion of mutation)

Vault maps used:
D:1:      dpeg_arrival_rhombus, minmay_splitting_lines
D:2:      fountainhead, roderic_roman_lattice
D:3:      first_bread

Action                   |  1- 3 |  4- 6 || total
-------------------------+-------+-------++-------
Melee: Unarmed           |   100 |    89 ||   189
 Stab: Sleeping          |     3 |     1 ||     4
  Eat: Chunk             |    11 |     4 ||    15
